 Dungeon Crawl Stone Soup version 0.24.0-1-gfbc8707122 (console) character file.

Game seed: 5041431278130855700, levelgen mode: deterministic

41 AlterAsc the Ruffian (level 3, -3/29 HPs)
             Began as a Draconian Transmuter on Oct 27, 2019.
             Slain by Terence
             ... wielding a +0 hand axe
              (7 damage)
             ... on level 2 of the Dungeon.
             The game lasted 00:04:20 (1176 turns).

AlterAsc the Ruffian (Draconian Transmuter)         Turns: 1176, Time: 00:04:20

Health: -3/29      AC:  5    Str: 13    XL:     3   Next: 32%
Magic:  0/6        EV: 12    Int: 13    God:
Gold:   68         SH:  0    Dex: 11    Spells: 4/7 levels left

rFire    . . .     SeeInvis .     - Unarmed
rCold    . . .     Gourm    .   (no shield)
rNeg     . . .     Faith    .   (armour unavailable)
rPois    .         Spirit   .   (helmet restricted)
rElec    .         Reflect  .   (no cloak)
rCorr    .         Harm     .   (no gloves)
MR       .....                  (no boots)
Stlth    +.........             (no amulet)
HPRegen  0.09/turn              (no ring)
MPRegen  0.10/turn              (no ring)

@: no status effects
A: unfitting armour, cold-blooded, AC +5
a: no special abilities


You were on level 2 of the Dungeon.
You were not hungry.

You visited 1 branch of the dungeon, and saw 2 of its levels.

You collected 68 gold pieces.

Inventory:

Missiles
 a - 8 arrows
Jewellery
 e - an uncursed amulet of faith
Scrolls
 b - a scroll of fog {unknown}
 d - a scroll of identify {unknown}
 g - a scroll of enchant weapon {unknown}
 h - a scroll of enchant armour {unknown}
Comestibles
 c - 5 rations
 f - 4 chunks of flesh


   Skills:
 + Level 1.7 Fighting
 - Level 2.0 Dodging
 + Level 3.2 Unarmed Combat
 * Level 2.5 Spellcasting
 * Level 2.5 Transmutations


You had 4 spell levels left.
You knew the following spells:

 Your Spells              Type           Power        Failure   Level  Hunger
a - Beastly Appendage     Tmut           #.....       9%          1    #......
b - Sticks to Snakes      Tmut           #.......     13%         2    ###....

Your spell library contained the following spells:

 Spells                   Type           Power        Failure   Level  Hunger
 Spider Form              Tmut/Pois      #.........   41%         3    ###....
 Ice Form                 Ice/Tmut       #.......     82%         4    #####..
 Blade Hands              Tmut           #.........   93%         5    ######.


Dungeon Overview and Level Annotations

Branches:
Dungeon (2/15)

Altars:

Annotations:
D:2 Terence


Innate Abilities, Weirdness & Mutations

Your plain brown scales are hard. (AC +5)
You cannot fit into any form of body armour.
You are cold-blooded and may be slowed by cold attacks.


Message History

Your adder dies!
Terence hits you but does no damage.
Casting: Sticks to Snakes (safe; 13% risk of failure)
Confirm with . or Enter, or press ? or * to list all spells.
You create a snake!
You now have 9 arrows.
Terence closely misses you.
Terence looks more healthy.
Terence hits you with a +0 hand axe.
You swap places.
Your ball python bites Terence but does no damage.
Your ball python grabs Terence.
Your ball python constricts Terence.
Terence hits your ball python with a +0 hand axe.
Your ball python dies!
Casting: Sticks to Snakes (safe; 13% risk of failure)
Confirm with . or Enter, or press ? or * to list all spells.
You don't have enough magic to cast that spell.
Terence hits you with a +0 hand axe!
* * * LOW HITPOINT WARNING * * *
Casting: Sticks to Snakes (safe; 13% risk of failure)
Confirm with . or Enter, or press ? or * to list all spells.
You create a snake!
You now have 8 arrows.
Terence hits you with a +0 hand axe!
You die...

##...... ##...##
####.@ #.# #.#
#.#################.#
#.##.S.............÷.
#.##@################
#.##@# # #.##.# # #.#
#.##.## # ###.##
#.#...#### #
#....###.........# #
#.#........♣..##.#
#.#.####..♣_♣.##
#.#.## #...♣...#
######...)###)........


You could see Terence and a friendly ball python.

Vanquished Creatures
  An adder (D:2)
  An ooze (D:1)
  3 leopard geckos (D:1)
  3 bats
  A giant cockroach (D:1)
  3 goblins
  2 hobgoblins
  2 frilled lizards (D:1)
  6 kobolds
  6 rats
28 creatures vanquished.

Notes
Turn   | Place    | Note
-------+----------+-------------------------------------------
     0 | D:1      | AlterAsc the Draconian Transmuter began the quest for the
                  | Orb.
     0 | D:1      | Reached XP level 1. HP: 16/16 MP: 3/3
   144 | D:1      | Reached XP level 2. HP: 8/23 MP: 5/5
   356 | D:1      | Learned a level 2 spell: Sticks to Snakes
   975 | D:2      | Reached XP level 3. HP: 28/29 MP: 6/6
  1092 | D:2      | Found a faded altar of an unknown god.
  1141 | D:2      | Noticed Terence
  1176 | D:2      | Slain by Terence

Levels and vault maps discovered:
D:1:      sevenhm_arrival_forest_fort_small_3, layout_basic
D:2:      layout_loops_ring, chequers_ecumenical_altar_simple, first_ration,
          uniq_natasha, uniq_terence

Skill      XL: |  1  2 |
---------------+-------+-----
Dodging        | 2 |  2.0
Fighting       | |  1.7
Unarmed Combat | |  3.2
Spellcasting   | |  2.5
Transmutations | |  2.5

Action                   || total
-------------------------++-------
Melee: Unarmed           ||   108
       Kick              ||     4
       Tailslap          ||     9
       Headbutt          ||     1
 Cast: Beastly Appendage ||    10
       Sticks to Snakes  ||     4
 Stab: Sleeping          ||     2
  Eat: Chunk             ||     1
Armor: Skin              ||    30
Dodge: Dodged            ||    80
